AoeStats
← pepe_prado99

MegaRandom

510623351Analyzed
3v3 RM · 2d ago on Oct 1, 2026· 44m 30s· 6 players
Game mode
Random Map
Map size
Normal (6 player)
Population
200
Speed
Normal
Resources
Standard
Victory
Conquest
Starting age
Dark Age
Ending age
Imperial Age
RankedLock teamsTeams togetherTeam positionsShared explorationLock speedFull tech treeHidden civsTurbo modeCheats
Victory
Defeat
🇲🇽 Aztecs · Mexico
629
+16
🇨🇦 Vikings · Canada
562
+19
🇺🇸 Georgians · United States
550
+19
🇪🇸 Teutons · Spain
655
-19
🇪🇸 Slavs · Spain
637
-19
🇪🇸 Turks · Spain
569
-16
DAZACO
K1NGlogman
12:38 Loom
15:34 Feudal Age
21:13 Fishing Lines
22:35 Horse Collar
22:43 Double-Bit Axe
25:51 Castle Age
26:03 Bloodlines
26:13 Light Cavalry
27:06 Husbandry
32:43 Scale Barding Armor
35:11 Forging
41:48 Iron Casting
41:14 Scale Mail Armor
pepe_prado99
15:51 Feudal Age
19:20 Fletching
19:30 Padded Archer Armor
19:00 Man-at-Arms
22:53 Scale Mail Armor
23:04 Forging
33:27 Horse Collar
33:34 Double-Bit Axe
36:32 Castle Age
36:56 Arson
38:19 Iron Casting
37:34 Long Swordsman
42:21 Stone Mining
42:22 Gold Mining
Unifurcion
14:16 Feudal Age
15:56 Wheelbarrow
15:13 Double-Bit Axe
23:21 Loom
26:59 Horse Collar
26:47 Man-at-Arms
30:23 Forging
31:18 Scale Mail Armor
38:48 Castle Age
37:54 Bloodlines
41:27 Iron Casting
41:08 Chain Mail Armor
41:59 Detinets
43:22 Pikeman
Unkas
4:28 Loom
21:11 Feudal Age
22:10 Man-at-Arms
27:56 Arson
33:58 Wheelbarrow
sergiou
10:49 Loom
14:41 Feudal Age
17:17 Man-at-Arms
19:49 Wheelbarrow
19:01 Double-Bit Axe
26:17 Horse Collar
26:44 Scale Mail Armor
26:54 Forging
Connection lost

Rejoining the realm…

Still unreachable

The connection could not be restored.

Session expired

The server has moved on; the page needs a fresh start.